 Dungeon Crawl Stone Soup version 0.14-a0-445-g388476e (webtiles) character file.

145 LostMyPassword the Ruffian (level 2, -1/23 HPs)
             Began as a Lava Orc Transmuter on Oct 30, 2013.
             Slain by an adder (4 damage)
             ... on Level 2 of the Dungeon.
             The game lasted 00:03:23 (618 turns).

LostMyPassword the Ruffian (Lava Orc Transmuter)     Turns: 618, Time: 00:03:25

HP  -1/23        AC  2     Str 12      XL: 2   Next: 37%
MP   0/2         EV 12     Int 13      God:
Gold 129         SH  0     Dex 11      Spells:  2 memorised,  1 level left

Res.Fire  : + + +   See Invis. : .     - Unarmed
Res.Cold  : x . .   Warding    : .   c - +0 orc robe
Life Prot.: . . .   Conserve   : .   (no shield)
Res.Poison: .       Res.Corr.  : .   (helmet restricted)
Res.Elec. : .       Clarity    : .   (no cloak)
Sust.Abil.: . .     Spirit.Shd : .   (no gloves)
Res.Mut.  : .       Stasis     : .   (no boots)
Res.Rott. : .       Flight     : .   (no amulet)
Saprovore : + . .                    (no ring)
                                     (no ring)

@: appendage, quite poisoned, not resistant to hostile enchantments, unstealthy
A: horns 2, conserve scrolls, saprovore 1
a: End Transformation


You were on level 2 of the Dungeon.
You were not hungry.
You had grown temporary horns.
You visited 1 branch of the dungeon, and saw 2 of its levels.

You collected 109 gold pieces.

Inventory:

Missiles
 b - 12 arrows
Armour
 c - a +0 orcish robe (worn)
Comestibles
 a - a meat ration
 g - a chunk of giant newt flesh
 t - 2 chunks of jackal flesh
Scrolls
 e - a scroll of blinking {unknown}
 f - a scroll of amnesia {unknown}
 i - a scroll of magic mapping {unknown}
 n - a scroll of teleportation {unknown}
 o - a scroll of remove curse {unknown}
 p - a scroll of random uselessness {unknown}
 r - a scroll of recharging {unknown}
 s - a scroll of enchant armour {unknown}
Potions
 h - a potion of paralysis {unknown}
 j - a potion of magic {unknown}
 m - a potion of might {unknown}
 q - 3 potions of curing {unknown}
 u - a potion of heal wounds {unknown}
Books
 d - a book of Changes

   Spells                             Type                      Level
   *Beastly Appendage                 Transmutation                1
   *Sticks to Snakes                  Transmutation                2
   Spider Form                        Transmutation/Poison         3
   Ice Form                           Ice/Transmutation            4
   Blade Hands                        Transmutation                5


   Skills:
 - Level 1.2 Fighting
 - Level 1.5 Dodging
 * Level 4.0 Unarmed Combat
 - Level 1.5 Spellcasting
 + Level 3.1 Transmutations


You had one spell level left.
You knew the following spells:

 Your Spells              Type           Power        Failure   Level  Hunger
a - Beastly Appendage     Trmt           #.....       10%         1    ##.....
b - Sticks to Snakes      Trmt           #.........   14%         2    ###....


Dungeon Overview and Level Annotations

Branches:
Dungeon (2/27)

Altars:


Innate Abilities, Weirdness & Mutations

You have stony skin.
Your flesh is almost immune to the effects of heat.
Your fire spells are more powerful.
Your flesh is vulnerable to cold.
Your heat harms attackers.
You bathe your surroundings in blazing heat.
You are too hot to use scrolls.
You are very good at protecting items from fire.
You can tolerate rotten meat.
You have a pair of horns on your head.


Message History

The adder poisons you! The adder barely misses you.
You hit the adder but do no damage.
The adder is lightly wounded.
Your stony skin melts.
The adder closely misses you.
Casting: Beastly Appendage
Confirm with . or Enter, or press ? or * to list all spells.
You grow a pair of large bovine horns.
The adder bites you.
* * * LOW HITPOINT WARNING * * *
You are more poisoned.
The adder poisons you!
Unknown command.
Casting: Beastly Appendage
Confirm with . or Enter, or press ? or * to list all spells.
You fail to extend your transformation any further.
* * * LOW HITPOINT WARNING * * *
You feel sick. The adder bites you.
* * * LOW HITPOINT WARNING * * *
The adder bites you.
You die...

########
#........
+........
#........
#.S.......
#@........
#..$......
#<........
#########+


You could see an adder.

Vanquished Creatures
  A giant gecko (D:1)
  2 goblins (D:1)
  3 hobgoblins (D:1)
  A giant newt (D:1)
  2 jackals (D:1)
  3 kobolds (D:1)
  3 rats (D:1)
15 creatures vanquished.

Notes
Turn   | Place    | Note
--------------------------------------------------------------
     0 | D:1      | LostMyPassword, the Lava Orc Transmuter, began the quest for the Orb.
     0 | D:1      | Reached XP level 1. HP: 16/16 MP: 1/1
   234 | D:1      | Reached XP level 2. HP: 21/23 MP: 2/2
   244 | D:1      | Learned a level 2 spell: Sticks to Snakes
   268 | D:1      | Reached skill level 4 in Unarmed Combat
   618 | D:2      | Slain by an adder

Action                   || total
-------------------------++-------
Melee: Unarmed           ||    49
 Cast: Beastly Appendage ||     3
